 Dungeon Crawl Stone Soup version 0.29-a0-468-ge57f7f99b4 (webtiles) character file.

Game seed: 11807326866912552827

76 bladeefan the Cudgeller (level 4, -2/40 HPs)
             Began as a Hill Orc Monk on May 21, 2022.
             Slain by Sigmund
             ... wielding a +2 scythe of venom
              (9 damage)
             ... on level 2 of the Dungeon.
             The game lasted 00:03:08 (2352 turns).

bladeefan the Cudgeller (Hill Orc Monk)             Turns: 2352, Time: 00:03:09

Health: -2/40      AC:  3    Str: 13 (15) XL:     4   Next: 32%
Magic:  4/4        EV: 12    Int:  7 (10) God:
Gold:   40         SH:  5    Dex: 10 (13) Spells: 3/3 levels left

rFire   . . .      SeeInvis .   a - +0 mace
rCold   . . .      Faith    .   (no shield)
rNeg    . . .      Spirit   .   e - +0 leather armour
rPois   .          Reflect  +   (no helmet)
rElec   .          Harm     .   (no cloak)
rCorr   .          Rampage  .   (no gloves)
Will    .....                   (no boots)
Stlth   ++........              d - amulet of reflection
HPRegen 0.13/turn               (no ring)
MPRegen 0.09/turn               (no ring)

@: lethally poisoned (-2 -> -12), hasted, very quick
A: no striking features
a: no special abilities


You were on level 2 of the Dungeon.
You visited 1 branch of the dungeon, and saw 2 of its levels.

You collected 40 gold pieces.

Inventory:

Hand Weapons
 a - a +0 mace (weapon)
Armour
 e - a +0 leather armour (worn)
   (You found it on level 1 of the Dungeon)
Jewellery
 d - an amulet of reflection (around neck)
   (You found it on level 1 of the Dungeon)
Scrolls
 b - 2 scrolls of teleportation {unknown}
 g - a scroll of fear {unknown}
 h - a scroll of summoning {unknown}
 i - 2 scrolls of enchant armour {unknown}
 j - a scroll of immolation {unknown}


   Skills:
 + Level 4.2 Fighting
 * Level 4.3 Maces & Flails
 + Level 2.8 Dodging
 + Level 2.2 Stealth


You had 3 spell levels left.
You didn't know any spells.
Your spell library was empty.

Dungeon Overview and Level Annotations

Branches:
Dungeon (2/15)

Altars:

Annotations:
D:2 Robin, Sigmund


Message History

You bump into the rock wall.
You feel sick. Sigmund closely misses you.
Unknown command.
You closely miss Sigmund.
You feel sick.
Unknown command.
You bump into the rock wall.
Sigmund misses you.
Unknown command.
You hit Sigmund.
You feel sick.
Unknown command.
You bump into the rock wall.
You feel sick. Sigmund closely misses you.
Unknown command.
You bump into the rock wall.
Unknown command.
You bump into the rock wall.
You feel less confused.
You feel sick. Sigmund says, "I'm your fate."
Sigmund gestures at you while chanting.
You are confused.
You hit Sigmund but do no damage.
You feel sick.
You are no longer poisoned.
Sigmund barely misses you.
Unknown command.
You bump into the rock wall.
Unknown command.
You miss Sigmund. Sigmund casts a spell at you. The puff of flame misses you.
Unknown command.
You're too confused to move!
Unknown command.
You closely miss Sigmund.
Sigmund hits you with a +2 scythe of venom!
* * * LOW HITPOINT WARNING * * *
You are lethally poisoned!
You closely miss Sigmund. You punch Sigmund.
* * * LOW HITPOINT WARNING * * *
You feel very sick.
You hit Sigmund.
* * * LOW HITPOINT WARNING * * *
You feel very sick. Sigmund closely misses you.
You miss Sigmund.
You feel less confused.
* * * LOW HITPOINT WARNING * * *
You feel very sick.
You barely miss Sigmund.
* * * LOW HITPOINT WARNING * * *
You feel sick.
Sigmund hits you with a +2 scythe of venom!
You die...

#.. ##.##
##..######...####
#......)........#
#.###<#####...##.#
##.# ##.## # #.#
#.# ##.# #.# #.##
#@# #.......# #@#
#.......######.#
#..............#
........########
#.......#
#.......#
####....#


You could see Sigmund.

Vanquished Creatures
  2 adders (D:2)
  A gnoll (D:1)
  A worm (D:2)
  2 dart slugs
  4 ball pythons
  3 bats
  2 endoplasms (D:2)
  A giant cockroach (D:2)
  7 goblins
  3 hobgoblins
  2 jackals (D:2)
  3 kobolds
  3 quokkas
  2 frilled lizards (D:1)
  2 rats (D:1)
38 creatures vanquished.

Notes
Turn   | Place    | Note
-------+----------+-------------------------------------------
     0 | D:1      | bladeefan the Hill Orc Monk began the quest for the Orb.
     0 | D:1      | Reached XP level 1. HP: 19/19 MP: 1/1
    78 | D:1      | Reached XP level 2. HP: 23/27 MP: 2/2
   620 | D:1      | Found a faded altar of an unknown god.
  1014 | D:1      | Reached XP level 3. HP: 31/33 MP: 3/3
  1837 | D:2      | Reached XP level 4. HP: 34/40 MP: 4/4
  2036 | D:2      | Noticed Robin
  2309 | D:2      | Noticed Sigmund
  2352 | D:2      | Slain by Sigmund

Illustrated notes

Levels and vault maps discovered:
D:1:      amcnicky_arrival_blooded_trapdoor, layout_basic,
          shapermc_ecumenical_altar_acropolis, kennysheep_pointless_box
D:2:      minmay_chambers_of_ones, layout_loops_ring, dreamdust_wishing_well,
          uniq_robin, uniq_sigmund

Skill      XL: |  1  2  3 |
---------------+----------+-----
Fighting       | 4 |  4.2
Stealth        | 2 |  2.2
Maces & Flails | 4 |  4.3
Dodging        | |  2.8

Action                   |  1- 3 |  4- 6 || total
-------------------------+-------+-------++-------
Melee: Mace              |    90 |    50 ||   140
       Punch             |       |     2 ||     2
  Use: Potion            |       |     3 ||     3
 Stab: Sleeping          |     1 |     2 ||     3
Armor: Robe              |     1 |       ||     1
       Leather armour    |    25 |    11 ||    36
Dodge: Dodged            |    63 |    40 ||   103
Block: Other             |    19 |    11 ||    30
       Reflection        |     1 |       ||     1

Table legend: (Time is in decaauts)
 A = Elapsed time spent in this place.
 B = Non-inter-level travel time spent in this place.
 C = Inter-level travel time spent in this place.
 D = Time resting spent in this place.
 E = Time spent auto-exploring this place.
 F = Levels seen in this place.
 G = Mean time per level.
                   A        B        C        D        E       F      G
               +--------+--------+--------+--------+--------+-----+--------+
         Total |   2373 |   2303 |     70 |    205 |   1659 |   2 | 1186.5 |
       Dungeon |   2373 |   2303 |     70 |    205 |   1659 |   2 | 1186.5 |
               +--------+--------+--------+--------+--------+-----+--------+

Top non-repeatable levels by time:
     D:1: 1667 daAuts
     D:2: 706 daAuts
